 Dungeon Crawl Stone Soup version 0.30-a0-381-g6ea064c7b4 (webtiles) character file.

Game seed: 9425916209569376225

29 qeuew the Shield-Bearer (level 3, -1/30 HPs)
             Began as a Formicid Fighter on Dec 1, 2022.
             Succumbed to a kobold's poison
             ... on level 2 of the Dungeon.
             The game lasted 00:01:17 (757 turns).

qeuew the Shield-Bearer (Formicid Fighter)           Turns: 757, Time: 00:01:18

Health: -1/30      AC:  6    Str: 22    XL:     3   Next: 32%
Magic:  3/3        EV:  9    Int:  7    God:
Gold:   46         SH:  5    Dex: 13    Spells: 2/2 levels left

rFire   . . .      SeeInvis +    a - +0 trident
rCold   . . .      Faith    .    c - +0 buckler
rNeg    . . .      Spirit   .    b - +0 scale mail
rPois   .          Reflect  .    (helmet unavailable)
rElec   .          Harm     .    (no cloak)
rCorr   .          Rampage  .    (no gloves)
Will    .....                    (no boots)
Stlth   ..........               (no amulet)
HPRegen 0.25/turn                (no ring)
MPRegen 0.08/turn                (no ring)

@: lethally poisoned (-1 -> -17)
A: permanent stasis, dig shafts and tunnels, antennae 3, four strong arms
a: Dig, Shaft Self


You were on level 2 of the Dungeon.
You visited 1 branch of the dungeon, and saw 2 of its levels.

You collected 46 gold pieces.

Inventory:

Hand Weapons
 a - a +0 trident (weapon)
Armour
 b - a +0 scale mail (worn)
 c - a +0 buckler (worn)
Scrolls
 e - a scroll of summoning
 k - a scroll of amnesia {unknown}
Potions
 d - 2 potions of might
 i - a potion of resistance


   Skills:
 + Level 3.7 Fighting
 + Level 2.4 Polearms
 + Level 3.6 Armour
 + Level 4.4 Shields


You had 2 spell levels left.
You didn't know any spells.
Your spell library was empty.

Dungeon Overview and Level Annotations

Branches:
Dungeon (2/15)

Altars:


Innate Abilities, Weirdness & Mutations

You cannot be hasted, slowed, berserked, paralysed or teleported.
You can dig through walls and to a lower floor.
You have a pair of large antennae on your head. (SInv)
Your four strong arms can wield two-handed weapons with a shield.


Message History

The kobold hits you with a +0 short sword.
The kobold throws a stone.
The stone hits you but does no damage.
You barely miss the kobold.
The kobold is severely wounded.
The kobold misses you.
The kobold throws a stone.
You block the stone. The kobold barely misses you.
You closely miss the kobold.
The kobold is severely wounded.
You block the kobold's attack.
You puncture the kobold!
You kill the kobold!
You barely miss the kobold.
The kobold hits you with a +4 dagger of venom.
You are poisoned.
You closely miss the kobold.
You feel very sick.
The kobold hits you with a +4 dagger of venom.
You are more poisoned.
You closely miss the kobold.
You feel very sick.
The kobold hits you with a +4 dagger of venom.
You are lethally poisoned!
You block the kobold's attack.
You are too injured to fight recklessly!
You are too injured to fight recklessly!
You are too injured to fight recklessly!
You are too injured to fight recklessly!
You are too injured to fight recklessly!
You are too injured to fight recklessly!
You are too injured to fight recklessly!
You are too injured to fight recklessly!
There is a lethal amount of poison in your body!
Okay, then.
You barely miss the kobold.
* * * LOW HITPOINT WARNING * * *
You feel very sick.
The kobold hits you with a +4 dagger of venom.
* * * LOW HITPOINT WARNING * * *
You barely miss the kobold.
You die...

#.# #.# .# #.#
.# #.# .# #.#
#.# #.# .. #.#
.#
#<######.##.##
#......@K....#
#..#####)##..#
#†.# .# #..#
.# #..# .#
#..# .. #{..
.. #... .#


You could see a kobold.

Vanquished Creatures
  4 ball pythons (D:1)
  4 bats
  2 endoplasms (D:1)
  2 goblins (D:1)
  4 hobgoblins (D:1)
  2 quokkas (D:1)
  A frilled lizard (D:1)
  5 kobolds
  3 rats (D:1)
27 creatures vanquished.

Notes
Turn   | Place    | Note
-------+----------+-------------------------------------------
     0 | D:1      | qeuew the Formicid Fighter began the quest for the Orb.
     0 | D:1      | Reached XP level 1. HP: 18/18 MP: 1/1
    29 | D:1      | Found a faded altar of an unknown god.
   176 | D:1      | Reached XP level 2. HP: 24/24 MP: 2/2
   568 | D:1      | Reached XP level 3. HP: 29/29 MP: 3/3
   757 | D:2      | Succumbed to a kobold's poison

Illustrated notes

Levels and vault maps discovered:
D:1:      dpeg_arrival_arbitrary_c, layout_loops_ring,
          ebering_ecumenical_altar_abandoned, minmay_heptomino_w4
D:2:      layout_loops_ring, basic_altar, minmay_shallow_snake_nest,
          uniq_sigmund, uniq_natasha

Action                   || total
-------------------------++-------
Melee: Trident           ||    81
  Use: Scroll            ||     5
       Potion            ||     1
Armor: Scale mail        ||    28
Dodge: Dodged            ||    16
Block: Buckler           ||    24

Table legend: (Time is in decaauts)
 A = Elapsed time spent in this place.
 B = Non-inter-level travel time spent in this place.
 C = Inter-level travel time spent in this place.
 D = Time resting spent in this place.
 E = Time spent auto-exploring this place.
 F = Levels seen in this place.
 G = Mean time per level.
                   A        B        C        D        E       F      G
               +--------+--------+--------+--------+--------+-----+--------+
         Total |    774 |    761 |     13 |     36 |    556 |   2 |  387.0 |
       Dungeon |    774 |    761 |     13 |     36 |    556 |   2 |  387.0 |
               +--------+--------+--------+--------+--------+-----+--------+

Top non-repeatable levels by time:
     D:1: 747 daAuts
     D:2: 26 daAuts
